 Dungeon Crawl Stone Soup version 0.24.0-123-gd5b16e6ec5 (webtiles) character file.

Game seed: 11436942961086548055, levelgen mode: deterministic

55 FishyPogo the Sneak (level 3, -9/28 HPs)
             Began as a Demonspawn Assassin on Jan 4, 2020.
             Was an Initiate of Wu Jian.
             Mangled by a gnoll
             ... wielding a +0 halberd
              (15 damage)
             ... on level 2 of the Dungeon.
             The game lasted 00:04:18 (904 turns).

FishyPogo the Sneak (Demonspawn Assassin)            Turns: 904, Time: 00:04:19

Health: -9/28      AC:  6    Str: 11    XL:     3   Next: 67%
Magic:  3/3        EV: 11    Int: 12    God:    Wu Jian [......]
Gold:   69         SH:  0    Dex: 15    Spells: 2/2 levels left

rFire    . . .     SeeInvis .   a - +2 dagger
rCold    + . .     Gourm    .   (no shield)
rNeg     . . .     Faith    .   k - +0 leather armour
rPois    .         Spirit   .   (no helmet)
rElec    .         Reflect  .   c - +0 cloak
rCorr    .         Harm     .   (no gloves)
MR       .....                  (no boots)
Stlth    ++........             (no amulet)
HPRegen  0.09/turn              (no ring)
MPRegen  0.08/turn              (no ring)

@: no status effects
A: molten scales 1, cold resistance 1
a: Renounce Religion


You were on level 2 of the Dungeon.
You worshipped Wu Jian.
Wu Jian was noncommittal.
You were not hungry.

You visited 1 branch of the dungeon, and saw 2 of its levels.

You collected 69 gold pieces.

Inventory:

Hand Weapons
 a - a +2 dagger (weapon)
Missiles
 d - 8 poisoned darts (quivered)
 e - 2 curare-tipped darts
 j - 67 stones
Armour
 b - a +0 robe
 c - a +0 cloak (worn)
 k - a +0 leather armour (worn)
Scrolls
 g - 2 scrolls of remove curse {unknown}
 i - a scroll of amnesia {unknown}
 m - a scroll of fear
 o - a scroll of identify {unknown}
Potions
 h - a potion of curing
 n - a potion of agility {unknown}
 p - a potion of might {unknown}
Comestibles
 f - 6 rations
 l - 4 chunks of flesh


   Skills:
 + Level 2.4 Fighting
 - Level 2.0 Short Blades
 - Level 2.0 Throwing
 * Level 1.5 Armour
 - Level 1.0 Dodging
 * Level 4.1 Stealth


You had 2 spell levels left.
You didn't know any spells.
Your spell library was empty.

Dungeon Overview and Level Annotations

Branches:
Dungeon (2/15)

Altars:
Cheibriados
Wu Jian


Innate Abilities, Weirdness & Mutations

You are partially covered in molten scales. (AC +2)
Your flesh is cold resistant. (rC+)


Message History

The gnoll is moderately wounded.
The gnoll hits you but does no damage.
You hit the gnoll.
The gnoll is severely wounded.
The gnoll hits you but does no damage.
You lunge at the gnoll.
You barely miss the gnoll. The gnoll hits you with a +0 halberd!
* * * LOW HITPOINT WARNING * * *
You barely miss the gnoll.
The gnoll is severely wounded.
The gnoll misses you.
You hit the gnoll.
You kill the gnoll!
The Council accepts your kill. The gnoll closely misses you.
The gnoll barely misses you.
You hit the gnoll but do no damage. The gnoll closely misses you.
The gnoll hits you with a +0 halberd!
Ouch! That really hurt!
You die...

#.# ).# #....
#.# #.. #####
#.# #.# #.# #.#
#.# #.# #.# #.#
#.####
#######.#####
#...)#
####ggl........#
####.#
#..@g###.....#.#
#.#
#.######.###.#
#.# #........#
#.#
#.###..#####.#
#S# #......# #..
l.#.# #..###.#
######g .# #..#
#.# g ..### #..#
#.. .. ...# #..#
#### .. ...#


You could see 2 gnolls, a leopard gecko (wandering) and a goblin.

Vanquished Creatures
  A gnoll (D:2)
  An adder (D:2)
  An ooze (D:1)
  2 dart slugs
  2 leopard geckos
  2 giant cockroaches (D:2)
  A goblin (D:1)
  6 hobgoblins
  2 bats
  4 frilled lizards
  4 kobolds
  2 rats
28 creatures vanquished.

Notes
Turn   | Place    | Note
-------+----------+-------------------------------------------
     0 | D:1      | FishyPogo the Demonspawn Assassin began the quest for the
                  | Orb.
     0 | D:1      | Reached XP level 1. HP: 16/16 MP: 1/1
    60 | D:1      | Reached skill level 1 in Dodging
   274 | D:1      | Gained mutation: You are partially covered in molten
                  | scales. (AC +2) [demonic ancestry]
   274 | D:1      | Reached XP level 2. HP: 22/22 MP: 2/2
   680 | D:2      | Found an ornate altar of the Wu Jian Council.
   688 | D:2      | Became a worshipper of the Wu Jian Council
   711 | D:2      | Reached skill level 1 in Armour
   719 | D:2      | Found a snail-covered altar of Cheibriados.
   830 | D:1      | Reached skill level 4 in Stealth
   830 | D:1      | Gained mutation: Your flesh is cold resistant. (rC+)
                  | [demonic ancestry]
   830 | D:1      | Reached XP level 3. HP: 21/27 MP: 3/3
   904 | D:2      | Mangled by a gnoll

Levels and vault maps discovered:
D:1:      minmay_arrival_four_houses, layout_rooms, minivault_25
D:2:      layout_loops_ring, overflow_temple_1_default, kennysheep_slug_shrine,
          overflow_temple_1_default, first_ration,
          chequers_ecumenical_altar_simple,
          wander_ebering_terrifying_dragon_lair

Skill      XL: |  1  2 |
---------------+-------+-----
Dodging        | 1 |  1.0
Short Blades   | 2 |  2.0
Throwing       | 2 |  2.0
Armour         | 1 |  1.5
Stealth        | 4 |  4.1
Fighting       | |  2.4

Action                   || total
-------------------------++-------
Melee: Dagger            ||    91
Throw: Dart              ||     3
Invok: Lunge             ||     9
  Use: Scroll            ||     1
       Potion            ||     1
 Stab: Sleeping          ||     9
Armor: Leather armour    ||    20
Dodge: Dodged            ||    42
